Map: Cactus Valley LE

Players

SolO

  • Race: Zerg Zerg
  • Spawn Location: 11:00

Paran0id - Winner!

  • Race: Zerg Zerg
  • Spawn Location: 7:00

Event: LycanGTV LotV Beta Tournament 1

VOD

Have the link to the VOD?

Description

Time

  • Played on: April 2, 2015, 1:06 p.m.
  • Length: 13:09

All games in this series

Show
View Real Time Build Order
Export as new Build Order

SolO Zerg 

Build Orders: Pool First 

Get SALT Encoding   

  12  0:01  Drone  
  13  0:12  Overlord  
  13  0:18  Drone  
  14  0:31  Drone x2  
  16  0:36  Drone, Extractor  
  16  0:47  Spawning Pool  
  15  0:50  Drone  
  16  0:59  Drone  
  17  1:07  Drone  
  18  1:17  Drone  
  19  1:28  Drone  
  20  1:34  Roach Warren, Queen  
  21  1:40  Overlord  
  21  1:50  Overlord  
  21  2:11  Burrow  
  21  2:15  Roach x2  
  27  2:22  Roach  
  27  2:33  Roach  
  29  2:44  Roach x3  
  35  2:46  Overlord  
  35  2:50  Roach  
  37  2:58  Overlord  
  37  3:04  Hatchery  
  36  3:10  Roach  
  38  3:15  Roach  
  40  3:20  Roach  
  40  3:21  Roach x2  
  42  3:33  Roach x6  
  42  3:39  Roach x2  
  42  3:49  Roach, Zergling x2  
  45  4:01  Roach x6  
  43  4:16  Overlord, Roach x4  
  43  4:17  Queen  
  45  4:30  Roach  
  45  4:31  Roach x4  
  47  4:32  Roach x3  
  44  4:49  Roach x4  
  42  4:58  Drone x3  
  42  4:59  Drone  
  44  5:00  Roach x3  
  44  5:04  Drone  
  44  5:06  Roach x2  
  49  5:07  Roach x3  
  49  5:12  Drone x4  
  53  5:18  Roach x3  
  53  5:24  Roach x3  
  53  5:30  Drone  
  53  5:31  Drone x2  
  53  5:33  Evolution Chamber  
  53  5:34  Overlord  
  55  5:48  Lair  
  55  5:49  Drone x4  
  53  5:50  Extractor x2  
  51  5:58  Drone x4  
  55  6:08  Roach x3  
  61  6:13  Roach  
  61  6:18  Roach  
  64  6:33  Roach x2  
  57  6:49  Glial Reconstitution  
  57  6:51  Drone x2  
  57  6:52  Drone  
  57  6:54  Drone x3  
  57  6:55  Drone  
  61  7:01  Zerg Missile Weapons Level 1  
  61  7:06  Drone x3  
  64  7:14  Overlord  
  64  7:25  Queen  
  64  7:26  Drone x2  
  64  7:27  Overlord  
  68  7:36  Overlord x2, Overseer  
  67  7:48  Hatchery  
  67  7:50  Drone  
  67  7:53  Drone x2  
  67  7:57  Roach  
  71  8:01  Roach x2  
  75  8:07  Roach x2  
  79  8:13  Roach x2  
  79  8:18  Roach  
  79  8:19  Roach x3  
  91  8:21  Overlord  
  91  8:26  Overlord  
  91  8:35  Ravager  
  91  8:39  Ravager x4  
  96  8:42  Roach x2  
  96  8:46  Roach x2  
  104  8:53  Roach x2  
  104  8:54  Overlord x2  
  108  9:14  Roach  
  108  9:15  Roach x6  
  108  9:16  Roach  
  101  9:26  Roach  
  101  9:27  Roach x2  
  97  9:46  Roach x3  
  91  9:55  Roach x4  
  91  9:56  Roach x3  
  91  9:59  Roach x19  
  103  10:01  Hatchery  
  103  10:03  Roach x2  
  106  10:09  Roach x2  
  110  10:14  Roach x2  
  110  10:16  Roach  
  110  10:17  Roach  
  114  10:24  Ravager  
  115  10:29  Extractor  
  114  10:36  Ravager  
  104  10:48  Roach  
  104  10:49  Roach  
  106  10:54  Roach x5  
  116  11:03  Ravager x2  
  112  11:07  Roach  
  114  11:23  Roach x4  
  114  11:24  Roach x3  
  124  11:29  Queen  
  124  11:46  Roach x2  
  124  11:47  Hatchery  
  123  11:48  Overlord x2  
  123  11:58  Ravager  
  123  12:00  Overlord x2  
  123  12:01  Overlord  
  124  12:02  Overseer  
  124  12:04  Roach x22  
  98  12:24  Roach  
  98  12:25  Roach x4  
  100  12:36  Roach  
  93  12:37  Roach x4  
  87  12:44  Roach x6  
Show
View Real Time Build Order
Export as new Build Order

Paran0id Zerg - Winner!

Build Orders: Hatch First 

Get SALT Encoding   

  12  0:01  Drone  
  13  0:12  Overlord  
  13  0:17  Drone  
  14  0:31  Drone x2  
  16  0:36  Drone  
  17  0:53  Hatchery  
  17  0:56  Drone  
  17  1:11  Spawning Pool  
  16  1:12  Extractor  
  16  1:14  Drone  
  16  1:17  Drone  
  17  1:23  Drone  
  18  1:31  Drone  
  19  1:48  Hatchery  
  18  1:54  Drone  
  18  1:56  Overlord  
  19  2:07  Queen  
  21  2:15  Metabolic Boost  
  21  2:18  Drone  
  21  2:21  Drone  
  23  2:25  Drone  
  23  2:29  Drone  
  25  2:30  Drone  
  25  2:34  Drone  
  27  2:43  Baneling Nest, Drone  
  27  2:50  Queen  
  29  2:56  Zergling x2  
  29  2:58  Zergling x6  
  32  2:59  Zergling x2  
  32  3:04  Spore Crawler  
  32  3:05  Zergling x2  
  35  3:08  Zergling x2  
  35  3:10  Zergling x2  
  37  3:13  Zergling x2  
  37  3:15  Zergling x2  
  37  3:17  Zergling x2  
  40  3:22  Zergling x4  
  42  3:29  Spore Crawler  
  42  3:30  Zergling x2  
  41  3:40  Zergling x4  
  41  3:47  Zergling x2  
  41  3:48  Zergling x6  
  42  3:50  Overlord  
  42  3:52  Overlord  
  41  3:55  Zergling x2  
  41  3:58  Zergling x2  
  41  3:59  Zergling x2  
  39  4:11  Lair  
  38  4:25  Zergling x18  
  45  4:32  Queen  
  46  4:47  Drone  
  46  4:48  Drone x6  
  52  4:59  Drone x2  
  54  5:00  Drone x3  
  54  5:02  Drone  
  54  5:06  Overlord  
  54  5:25  Overseer  
  54  5:28  Drone  
  53  5:29  Drone x8  
  53  5:30  Drone x2  
  53  5:32  Drone  
  63  5:46  Zergling x2  
  63  5:47  Zergling x6  
  63  5:48  Overlord x2  
  66  5:57  Roach Warren  
  65  5:59  Drone x2, Extractor  
  65  6:02  Spine Crawler  
  65  6:06  Overlord  
  65  6:07  Overlord  
  65  6:11  Overseer  
  65  6:15  Drone  
  65  6:16  Drone  
  65  6:17  Drone x4  
  61  6:47  Roach x7  
  68  6:58  Queen  
  68  7:00  Roach  
  68  7:01  Zergling x16  
  78  7:06  Roach  
  79  7:12  Spine Crawler  
  79  7:13  Spine Crawler, Roach  
  79  7:26  Drone x7  
  79  7:27  Overlord x2  
  79  7:28  Drone  
  79  7:29  Drone, Extractor  
  87  7:30  Drone  
  87  7:32  Overlord  
  87  7:39  Overlord  
  87  7:41  Overlord  
  89  7:44  Roach x2  
  91  7:58  Hatchery, Evolution Chamber, Drone  
  89  8:03  Roach  
  89  8:04  Roach x8  
  107  8:05  Queen  
  107  8:12  Overlord x2  
  109  8:13  Drone x2  
  109  8:15  Drone x3  
  114  8:20  Overseer x3  
  114  8:23  Roach  
  114  8:25  Roach  
  118  8:28  Roach  
  118  8:31  Roach  
  122  8:34  Roach  
  122  8:39  Overlord x2  
  124  8:42  Roach x2  
  124  8:46  Roach  
  124  8:48  Overlord x4  
  130  8:59  Glial Reconstitution  
  128  9:11  Roach  
  115  9:18  Roach x6  
  115  9:23  Roach, Zergling x16  
  115  9:24  Zergling x14  
  130  9:35  Roach x3  
  130  9:36  Roach  
  101  9:47  Roach x4  
  100  9:53  Roach  
  100  9:58  Roach, Zergling x8  
  100  9:59  Zergling x24  
  118  10:04  Roach x2  
  122  10:16  Roach  
  122  10:17  Roach x3  
  130  10:25  Roach x4  
  138  10:29  Roach, Zergling x2  
  138  10:30  Zergling x26  
  138  10:31  Zergling x2  
  138  10:48  Ravager x2  
  115  11:05  Ravager x2  
  115  11:07  Zergling x6  
  115  11:08  Zergling x36  
  136  11:24  Roach x7  
  130  11:26  Roach  
  130  11:31  Zergling x28  
  130  11:32  Zergling x6  
  138  11:48  Ravager x2, Roach  
  138  11:50  Zergling x12  
  144  11:59  Roach x3  
  144  12:01  Roach  
  148  12:06  Roach x2  
  125  12:26  Roach x6  
  118  12:33  Roach, Zergling x4  
  118  12:34  Zergling x10  

Tags
 
Add a new tag
Caveats
  • Supply blocks, unpowered buildings, or Contaminate may cause inaccurate times.
  • Supply counts are checked every 10 seconds.